[Event "Monday Night Swiss 13Rd 5m+1s Starts at 2240hrs"]
[Site "Infinity Chess"]
[Date "2018.1.29"]
[Round "3"]
[White "mike"]
[Black "Victorious"]
[Result "0-1 "]
[ECO "C77"]
[WhiteElo "2488"]
[BlackElo "2568"]
[WhiteEngine "komodo-11.2.2-64bit"]
[BlackEngine "BugChess2.41_Release"]
[EventType "Swiss"]
[WhiteTeam ""]
[BlackTeam ""]
[PlyCount "170"]
[TimeControl "300+1"]

1. e4 e5 2. Nf3 Nc6 3. Bb5 a6 4. Ba4 Nf6 5. O-O Be7 6. d3 b5 7. Bb3 O-O 8. h3 d6 
9. Bd2 a5 10. a3 a4 11. Ba2 Be6 12. Nc3 Rb8 13. Nd5 Bd7 14. Bc3 h6 15. Qd2 Re8 
16. Rae1 Be6 17. Qd1 Bf8 18. d4 Nd7 19. Kh1 exd4 20. Bxd4 Nce5 21. Nh2 c5 
22. Bc3 Nc6 23. Ng4 b4 24. axb4 cxb4 25. Bd2 Qh4 26. f3 Nde5 27. Re3 Nxg4 
28. fxg4 Ne5 29. Be1 Qd8 30. b3 Bxd5 31. exd5 a3 32. Rf4 Qa5 33. c4 Ng6 
34. Rxe8 Rxe8 35. Rf1 Be7 36. Qe2 Ra8 37. Qf3 Ne5 38. Qf5 Re8 39. Bb1 Bf6 
40. Qh7+ Kf8 41. Rxf6 gxf6 42. Qxh6+ Ke7 43. Qd2 a2 44. Bxa2 Ra8 45. Bb1 Qa1 
46. Qc2 Qd4 47. Bf2 Qc3 48. Qf5 Nd7 49. Kh2 Ra3 50. h4 Rxb3 51. h5 Qe5+ 
52. Qxe5+ Nxe5 53. Bf5 Nxc4 54. h6 Ra3 55. h7 Ra8 56. Kg3 Rh8 57. Kh4 Kf8 
58. g5 Kg7 59. gxf6+ Kxf6 60. g4 Kg7 61. Bd4+ Ne5 62. Kg5 b3 63. Bb2 Ra8 
64. Kf4 Ra2 65. Bd4 Rg2 66. Bxe5+ dxe5+ 67. Kxe5 b2 68. d6 Rf2 69. Be4 Rd2 
70. Bf5 Rd1 71. d7 Rd2 72. Kf4 Rxd7 73. Bxd7 b1=Q 74. Bf5 Qe1 75. Kf3 Kh8 
76. Be4 Qd1+ 77. Kf4 Qc1+ 78. Kf3 Qf1+ 79. Ke3 Qg1+ 80. Kf3 Qd1+ 81. Kf4 Qe2 
82. g5 Qf2+ 83. Ke5 Qc5+ 84. Kf4 Qc1+ 85. Kf5 Qe3 0-1

[Event "Monday Night Swiss 13Rd 5m+1s Starts at 2240hrs"]
[Site "Infinity Chess"]
[Date "2018.1.29"]
[Round "3"]
[White "RonWeasley"]
[Black "star99"]
[Result "1/2-1/2"]
[ECO "C55"]
[WhiteElo "2528"]
[BlackElo "2430"]
[WhiteEngine "BrainFish 060118_CTG"]
[BlackEngine "Cryptic AIL V2"]
[EventType "Swiss"]
[WhiteTeam ""]
[BlackTeam ""]
[PlyCount "100"]
[TimeControl "300+1"]

1. e4 e5 2. Nf3 Nc6 3. Bc4 Nf6 4. d3 Bc5 5. c3 d6 6. Bb3 O-O 7. O-O Re8 
8. Bg5 h6 9. Bh4 g5 10. Bg3 Kg7 11. Nbd2 Bg4 12. h3 Bh5 13. Bc2 a6 14. b4 Ba7 
15. a4 Qd7 16. Nc4 d5 17. exd5 Qxd5 18. Ncd2 Bg6 19. Qb1 Nh5 20. Bh2 Nf4 
21. Bxf4 gxf4 22. Re1 Rad8 23. b5 Na5 24. d4 exd4 25. Bxg6 dxc3 26. Ne4 Nb3 
27. Nxc3 Bxf2+ 28. Kxf2 Qc5+ 29. Kf1 Rxe1+ 30. Qxe1 Nxa1 31. Qxa1 Kxg6 
32. bxa6 bxa6 33. Ne2 Kh7 34. Nxf4 Qe3 35. Ne2 Kg8 36. Ng3 Rb8 37. Nh5 Qd3+ 
38. Kf2 Qc2+ 39. Kg3 Rb2 40. Nf6+ Kg7 41. Nh5+ Kh7 42. Nf6+ Kg7 43. Ne4 Qxg2+ 
44. Kf4 Kg8 45. Qa3 a5 46. Nf6+ Kg7 47. Ne8+ Kh7 48. Nf6+ Kg7 49. Ne8+ Kg8 
50. Nf6+ Kg7 1/2-1/2

[Event "Monday Night Swiss 13Rd 5m+1s Starts at 2240hrs"]
[Site "Infinity Chess"]
[Date "2018.1.29"]
[Round "3"]
[White "Dovahkiin"]
[Black "MCDermont"]
[Result "0-1"]
[ECO "C12"]
[WhiteElo "2430"]
[BlackElo "2524"]
[WhiteEngine "BrainFish_180128_x64_modern_CTG"]
[BlackEngine "BrainFish 060118_CTG"]
[EventType "Swiss"]
[WhiteTeam ""]
[BlackTeam ""]
[PlyCount "226"]
[TimeControl "300+1"]

1. e4 e6 2. d4 d5 3. Nc3 Nf6 4. Bg5 Bb4 5. e5 h6 6. Be3 Ne4 7. Qg4 g6 
8. a3 Bxc3+ 9. bxc3 Nxc3 10. Bd3 b6 11. Ne2 Nxe2 12. Qxe2 Bb7 13. h4 c5 
14. c3 Qc7 15. Rb1 h5 16. O-O c4 17. Bc2 Nc6 18. Bg5 Kd7 19. a4 Rae8 20. Bc1 Kc8 
21. g3 Kb8 22. Qf3 Rh7 23. Ba3 Rd8 24. Qf4 Qc8 25. Bb4 Nxb4 26. Rxb4 Bc6 
27. Ra1 Qd7 28. a5 b5 29. a6 Ka8 30. Qc1 Rhh8 31. Bd1 Rhg8 32. f4 Rb8 
33. Bf3 Rb6 34. Kh2 Qe7 35. Bg2 Kb8 36. Kg1 Rh8 37. Qa3 Kc8 38. Kf2 Qc7 
39. Bf3 Kd7 40. Rbb1 Kd8 41. Ke2 Kd7 42. Qb4 Rhb8 43. Ra5 Ke8 44. Ra3 Qe7 
45. Ra5 Qxb4 46. Rxb4 Ke7 47. Kd2 Bd7 48. Ke3 f5 49. exf6+ Kxf6 50. Bd1 Bc8 
51. Kd2 Rxa6 52. Rbxb5 Rxb5 53. Rxb5 Ra2+ 54. Ke3 Ra1 55. Be2 Ra3 56. Rc5 Bd7 
57. Kd2 Ra2+ 58. Ke3 Rc2 59. Rc7 Be8 60. Rxa7 Rxc3+ 61. Kf2 Rb3 62. Ra8 Bc6 
63. Ra7 c3 64. Ra2 Bb5 65. Bxb5 Rxb5 66. Ke3 Rb3 67. Rc2 Kf5 68. Kd3 Rb2 
69. Rxc3 Rg2 70. Rc8 Rxg3+ 71. Kd2 Kxf4 72. Re8 Kf5 73. Kc2 Rh3 74. Rf8+ Ke4 
75. Rf6 Rxh4 76. Rxg6 Rg4 77. Rxe6+ Kxd4 78. Ra6 Rg2+ 79. Kd1 h4 80. Ra4+ Kd3 
81. Ra3+ Ke4 82. Rh3 Rg4 83. Ke2 Rf4 84. Rh1 Kf5 85. Ke3 d4+ 86. Ke2 Kg4 
87. Rg1+ Kh3 88. Rg6 Rg4 89. Rf6 Kh2 90. Rf5 h3 91. Rf1 Rg3 92. Kf2 d3 
93. Rb1 d2 94. Rd1 Rg8 95. Ke3 Kg2 96. Rxd2+ Kg3 97. Ra2 h2 98. Ra1 Rh8 
99. Rh1 Rh4 100. Ra1 h1=Q 101. Rxh1 Rxh1 102. Kd4 Kf4 103. Kd3 Rh5 104. Kd2 Rh3 
105. Ke2 Re3+ 106. Kd1 Kf3 107. Kd2 Kf2 108. Kc1 Re2 109. Kb1 Ke3 110. Ka1 Kd4 
111. Kb1 Kc3 112. Ka1 Kb3 113. Kb1 Re1# 0-1

[Event "Monday Night Swiss 13Rd 5m+1s Starts at 2240hrs"]
[Site "Infinity Chess"]
[Date "2018.1.29"]
[Round "3"]
[White "SkyPilot"]
[Black "BraveDevil"]
[Result "1/2-1/2"]
[ECO "B90"]
[WhiteElo "2473"]
[BlackElo "2452"]
[WhiteEngine "stockfish_x64_bmi2_2018_01_23_CTG"]
[BlackEngine "Cryptic AIL V2"]
[EventType "Swiss"]
[WhiteTeam ""]
[BlackTeam ""]
[PlyCount "41"]
[TimeControl "300+1"]

1. e4 c5 2. Nf3 d6 3. d4 cxd4 4. Nxd4 Nf6 5. Nc3 a6 6. Be3 e5 7. Nb3 Be6 
8. f3 Be7 9. Qd2 O-O 10. O-O-O Nbd7 11. g4 Qc7 12. Kb1 b5 13. a3 Nb6 14. g5 Nh5 
15. Na5 Rab8 16. Nd5 Bxd5 17. exd5 Rfc8 18. Bh3 Rf8 19. Bf1 Rfc8 20. Bh3 Rf8 
21. Bf1 1/2-1/2

[Event "Monday Night Swiss 13Rd 5m+1s Starts at 2240hrs"]
[Site "Infinity Chess"]
[Date "2018.1.29"]
[Round "3"]
[White "Coco69"]
[Black "Eman"]
[Result "1-0"]
[ECO "B90"]
[WhiteElo "2484"]
[BlackElo "2505"]
[WhiteEngine "Raubfisch X37b4_CTG"]
[BlackEngine "Eman 1.68c 64-bit POPCNT"]
[EventType "Swiss"]
[WhiteTeam ""]
[BlackTeam ""]
[PlyCount "159"]
[TimeControl "300+1"]

1. e4 c5 2. Nf3 d6 3. d4 cxd4 4. Nxd4 Nf6 5. Nc3 a6 6. Be3 e5 7. Nb3 Be6 
8. f3 Nbd7 9. Qd2 Be7 10. g4 O-O 11. O-O-O b5 12. g5 Nh5 13. Kb1 Nb6 14. Na5 Rc8 
15. a3 g6 16. Rg1 Qc7 17. Nd5 Nxd5 18. exd5 Bxd5 19. Qxd5 Qxa5 20. Rg4 Ng7 
21. h4 Ne6 22. Bd3 Qc7 23. c3 Nc5 24. Bc2 Qc6 25. Qd2 Qxf3 26. Rdg1 Qh3 
27. h5 Rc7 28. R4g3 Qe6 29. Qh2 Re8 30. Rh3 Bd8 31. Rf1 a5 32. Rh4 a4 
33. Rd1 Ra7 34. Qh1 Rc7 35. Rd2 Ra7 36. Rdh2 Ree7 37. Rf2 Rec7 38. Qf3 Qe8 
39. Rh1 Ne6 40. Bxa7 Rxa7 41. hxg6 fxg6 42. Qd5 Bxg5 43. Rg2 Rf7 44. Qxd6 e4 
45. Bxe4 Nf4 46. Bc6 Qe7 47. Qxe7 Bxe7 48. Rd2 Bc5 49. Bxb5 Ra7 50. Re1 h5 
51. Re5 Bf8 52. Rd4 Bh6 53. Bxa4 Kg7 54. Rd7+ Rxd7 55. Bxd7 Kf6 56. Re4 Nd3 
57. b4 g5 58. Re6+ Kg7 59. a4 g4 60. a5 Nf4 61. Re1 Nd5 62. Kc2 Ne3+ 63. Kd3 Ng2 
64. Re7+ Kf6 65. Re6+ Kg5 66. Re8 Nf4+ 67. Kc4 Ng6 68. a6 Nf8 69. Rxf8 Bxf8 
70. a7 Bd6 71. a8=Q Kf4 72. Qd5 Bb8 73. Kd3 Be5 74. Qe4+ Kg5 75. Qxe5+ Kg6 
76. Be8+ Kh7 77. Qf6 g3 78. Bg6+ Kg8 79. Qf7+ Kh8 80. Qh7# 1-0

[Event "Monday Night Swiss 13Rd 5m+1s Starts at 2240hrs"]
[Site "Infinity Chess"]
[Date "2018.1.29"]
[Round "3"]
[White "ocirema"]
[Black "MGR"]
[Result "0-1 "]
[ECO "C07"]
[WhiteElo "2506"]
[BlackElo "2517"]
[WhiteEngine "stockfish_18012814_x64_modern_CTG"]
[BlackEngine "asmFishW_2017-08-25_bmi2"]
[EventType "Swiss"]
[WhiteTeam ""]
[BlackTeam ""]
[PlyCount "156"]
[TimeControl "300+1"]

1. e4 e6 2. d4 d5 3. Nd2 c5 4. exd5 Qxd5 5. dxc5 Bxc5 6. Ngf3 Nf6 7. Bc4 Qh5 
8. Qe2 Nc6 9. O-O O-O 10. Ne4 Be7 11. Ng3 Qa5 12. b3 a6 13. Bb2 Rd8 14. Rad1 b5 
15. Bd3 h6 16. a3 Qb6 17. c4 bxc4 18. Bxc4 a5 19. Rxd8+ Qxd8 20. Rd1 Qf8 
21. Bb5 Bb7 22. Nd2 Rd8 23. Nc4 Nd5 24. Qf3 Na7 25. Ba4 Ba8 26. Rd3 Nc8 
27. Qd1 Kh7 28. Ne5 Ncb6 29. Bb5 f6 30. Qb1 f5 31. Nh5 g6 32. Nxg6 Kxg6 
33. Rg3+ Bg5 34. Be2 e5 35. Bxe5 Nd7 36. Bd4 Re8 37. Qd3 Re4 38. Rf3 Bc6 
39. Qc2 Ne7 40. Bc3 Rxe2 41. Qxe2 Bxf3 42. Qxf3 Qc8 43. Ng3 Nf6 44. Ne2 Qd8 
45. Ng3 Qd6 46. b4 a4 47. h3 Qd5 48. Qe2 Qb3 49. Bb2 Kf7 50. b5 Nfd5 51. Nh5 Ng6 
52. g3 Be7 53. Ng7 Bf6 54. Bxf6 Nxf6 55. Nh5 Qb1+ 56. Kg2 Qe4+ 57. Qxe4 Nxe4 
58. b6 Nd6 59. g4 Ne5 60. Ng3 f4 61. Nh5 f3+ 62. Kg3 Nec4 63. Kxf3 Nxa3 
64. Nf4 Nac4 65. Nd3 Nxb6 66. Ke2 a3 67. Nc1 Nd5 68. Kd1 Nf4 69. h4 Nd3 
70. Na2 Nxf2+ 71. Kc2 Nxg4 72. Kb3 Nf5 73. Nb4 a2 74. Kxa2 Nxh4 75. Nd3 Ke6 
76. Kb1 Ne5 77. Nc1 Kf6 78. Ne2 Kg5 0-1

[Event "Monday Night Swiss 13Rd 5m+1s Starts at 2240hrs"]
[Site "Infinity Chess"]
[Date "2018.1.29"]
[Round "3"]
[White "MarioDeMonti"]
[Black "koalachess"]
[Result "1-0"]
[ECO "C11"]
[WhiteElo "2502"]
[BlackElo "2313"]
[WhiteEngine "stockfish_x64_bmi2_2018_01_23_CTG"]
[BlackEngine "asmFishW_2017-11-19_popcnt_CTG"]
[EventType "Swiss"]
[WhiteTeam ""]
[BlackTeam ""]
[PlyCount "127"]
[TimeControl "300+1"]

1. e4 e6 2. d4 d5 3. Nc3 Nf6 4. e5 Nfd7 5. f4 c5 6. Nf3 Nc6 7. Be3 Qb6 
8. Na4 Qa5+ 9. c3 c4 10. b4 Qc7 11. a3 b5 12. Nc5 a5 13. g3 Be7 14. Bg2 Nxc5 
15. dxc5 Bd7 16. O-O g6 17. Nd4 Nxd4 18. Bxd4 O-O 19. Qf3 axb4 20. axb4 Ra4 
21. g4 Rfa8 22. Rxa4 Rxa4 23. f5 exf5 24. gxf5 Bxf5 25. Bh3 Qc8 26. Bxf5 gxf5 
27. Kh1 Ra6 28. e6 Kf8 29. Qg3 Rxe6 30. Qg7+ Ke8 31. Qg8+ Kd7 32. Qxf7 Kc6 
33. Ra1 Bd8 34. Ra7 Re1+ 35. Bg1 Bc7 36. Qf6+ Re6 37. Qxf5 Re8 38. Qxh7 Re6 
39. Qf5 Re8 40. Qf6+ Re6 41. Ra6+ Qxa6 42. Qxe6+ Kb7 43. Qxd5+ Qc6 
44. Qxc6+ Kxc6 45. Bd4 Kd5 46. h4 Ke6 47. h5 Bf4 48. Kg2 Bh6 49. Kf3 Kf5 
50. c6 Ke6 51. Be5 Bc1 52. Bf4 Bb2 53. Bd2 Ba3 54. h6 Bxb4 55. cxb4 Kd6 
56. h7 c3 57. Bf4+ Kxc6 58. h8=Q Kd7 59. Qf6 c2 60. Qf7+ Kc6 61. Qe6+ Kb7 
62. Qd7+ Ka6 63. Be3 c1=Q 64. Qa7# 1-0

[Event "Monday Night Swiss 13Rd 5m+1s Starts at 2240hrs"]
[Site "Infinity Chess"]
[Date "2018.1.29"]
[Round "3"]
[White "HULK"]
[Black "KULLANI"]
[Result "1/2-1/2"]
[ECO "C50"]
[WhiteElo "2517"]
[BlackElo "2483"]
[WhiteEngine "BrainFish_180124_x64_bmi2_CTG"]
[BlackEngine "BrainFish_180124_x64_CTG"]
[EventType "Swiss"]
[WhiteTeam ""]
[BlackTeam ""]
[PlyCount "163"]
[TimeControl "300+1"]

1. e4 e5 2. Nf3 Nc6 3. Bc4 Bc5 4. O-O Nf6 5. d3 d6 6. c3 a5 7. Bb3 O-O 8. Bg5 h6 
9. Bh4 g5 10. Bg3 Kg7 11. Nbd2 g4 12. Nh4 Nh5 13. Kh1 Qg5 14. a4 Bd7 15. Qc2 Ba7 
16. Rae1 Rae8 17. Ba2 Kh8 18. Bb1 Bc5 19. Qd1 Rg8 20. Nb3 Bb6 21. d4 Rgf8 
22. Qc2 Qg8 23. dxe5 dxe5 24. c4 Nd4 25. Qc3 Nxb3 26. Qxb3 Nxg3+ 27. fxg3 Ra8 
28. Ba2 Be6 29. Nf5 f6 30. Nxh6 Qh7 31. Nf5 Rad8 32. Nh4 Bd4 33. Rd1 b6 
34. Bb1 Bc5 35. Rd5 c6 36. Rxd8 Rxd8 37. Bd3 Kg7 38. Qc2 Kf7 39. Rd1 Ke7 
40. Qe2 Bd4 41. b3 c5 42. Qf1 Rg8 43. Bb1 Bd7 44. Qe2 Be6 45. Bc2 Bd7 
46. Rf1 Be6 47. Qd2 Bd7 48. Bd3 Qg7 49. Qc1 Rh8 50. Qd2 Kd8 51. Qe2 Qh6 
52. Qc2 Kc7 53. Be2 Be6 54. Qd1 Qg5 55. Qc2 Qg7 56. Qd2 Qf7 57. Rd1 Qg8 
58. Qc1 Bd7 59. Rf1 Qg7 60. Qb1 Qf7 61. Qe1 Qg7 62. Qd2 Be6 63. Qd1 Kb7 
64. Qc2 Bd7 65. Qd1 Ka6 66. Qe1 Bc6 67. Qd1 Bd7 68. Qb1 Be6 69. Qd3 Qh6 
70. Qb1 Bd7 71. Qc1 Qg7 72. Qe1 Kb7 73. Qd2 Be6 74. Bd3 Ka7 75. Rd1 Qf7 
76. Bc2 Bd7 77. Bb1 Qh7 78. Bd3 Be6 79. Bc2 Kb7 80. Bd3 Rg8 81. Rf1 Qh8 82. Be2 
1/2-1/2

[Event "Monday Night Swiss 13Rd 5m+1s Starts at 2240hrs"]
[Site "Infinity Chess"]
[Date "2018.1.29"]
[Round "2"]
[White "MCDermont"]
[Black "RonWeasley"]
[Result "1/2-1/2"]
[ECO "C12"]
[WhiteElo "2524"]
[BlackElo "2528"]
[WhiteEngine "BrainFish 060118_CTG"]
[BlackEngine "BrainFish 060118_CTG"]
[EventType "Swiss"]
[WhiteTeam ""]
[BlackTeam ""]
[PlyCount "121"]
[TimeControl "300+1"]

1. e4 e6 2. d4 d5 3. Nc3 Nf6 4. Bg5 Bb4 5. e5 h6 6. Bd2 Bxc3 7. bxc3 Ne4 
8. Qg4 Kf8 9. Bd3 Nxd2 10. Kxd2 c5 11. h4 Qa5 12. Rh3 cxd4 13. Rg3 Qxc3+ 
14. Ke2 Rg8 15. Re1 Nc6 16. Kf1 Qb4 17. Nf3 Ke8 18. Qf4 Bd7 19. Bh7 d3 
20. Qxb4 Nxb4 21. Bxg8 dxc2 22. Rc1 Ba4 23. Nd4 Nxa2 24. Rxc2 Bxc2 25. Nxc2 Rc8 
26. Nd4 Kf8 27. Bh7 Nb4 28. Bd3 Rc3 29. Ke2 Ra3 30. h5 Nc6 31. Nxc6 bxc6 
32. Re3 Ra2+ 33. Kf3 c5 34. Bb1 Ra6 35. Ke2 c4 36. Kd2 Ra1 37. Kc1 Ke7 
38. Kb2 Ra5 39. f4 Rb5+ 40. Kc1 Ra5 41. Kb2 Rb5+ 42. Kc1 Ra5 43. g4 Ra4 
44. f5 d4 45. Re4 c3 46. fxe6 Kxe6 47. Kc2 Rb4 48. Ba2+ Ke7 49. Kd3 Rb2 
50. Re2 Rxe2 51. Kxe2 g5 52. hxg6 fxg6 53. Bb3 h5 54. gxh5 gxh5 55. Kd3 h4 
56. Kxd4 a5 57. e6 c2 58. Bxc2 h3 59. Ke3 h2 60. Be4 Kxe6 61. Kd4 1/2-1/2

[Event "Monday Night Swiss 13Rd 5m+1s Starts at 2240hrs"]
[Site "Infinity Chess"]
[Date "2018.1.29"]
[Round "2"]
[White "MGR"]
[Black "mike"]
[Result "1-0 "]
[ECO "C50"]
[WhiteElo "2501"]
[BlackElo "2504"]
[WhiteEngine "asmFishW_2017-08-25_bmi2"]
[BlackEngine "komodo-11.2.2-64bit"]
[EventType "Swiss"]
[WhiteTeam ""]
[BlackTeam ""]
[PlyCount "181"]
[TimeControl "300+1"]

1. e4 e5 2. Nf3 Nc6 3. Bc4 Bc5 4. O-O Nf6 5. d3 d6 6. c3 O-O 7. Nbd2 a5 
8. Re1 h6 9. Nf1 Be6 10. Bb5 Bb6 11. h3 Ne7 12. d4 exd4 13. Nxd4 Bd7 
14. Bxd7 Qxd7 15. Ng3 Ng6 16. Be3 Rae8 17. Ndf5 Bxe3 18. Rxe3 Re5 19. c4 Rfe8 
20. f3 Qe6 21. Rc3 Rc5 22. Qd2 Qe5 23. Qd4 Nf4 24. Qxe5 Rexe5 25. Rb1 h5 
26. h4 Re8 27. Nd4 Nd7 28. b3 g6 29. Rc2 Ne5 30. Nf1 Ne6 31. Nb5 f5 32. Ng3 a4 
33. Rd1 Kf7 34. Kf2 f4 35. Ne2 Ra8 36. Nbd4 Rf8 37. b4 Rxc4 38. Rxc4 Nxc4 
39. Rc1 Nb2 40. Nxe6 Kxe6 41. Rxc7 Rf7 42. Rc8 Nd3+ 43. Kg1 Nxb4 44. Ra8 b5 
45. Nd4+ Ke5 46. Nxb5 Nxa2 47. Rxa4 Nc1 48. Ra8 d5 49. Re8+ Kf6 50. exd5 Rd7 
51. Nc3 Nd3 52. Kf1 Kf5 53. Rb8 Ne5 54. Rf8+ Nf7 55. Ke2 Kf6 56. Kd3 Kg7 
57. Ra8 Nh6 58. Kc4 Rc7+ 59. Kb4 Nf5 60. Ne4 Nxh4 61. Nc5 Rf7 62. d6 Nxg2 
63. d7 Rxd7 64. Nxd7 Ne3 65. Ra6 Kh6 66. Nf8 h4 67. Rxg6+ Kh5 68. Rg8 h3 
69. Rh8+ Kg5 70. Ne6+ Kf5 71. Rh5+ Kxe6 72. Rxh3 Kd5 73. Kc3 Nd1+ 74. Kc2 Ne3+ 
75. Kd3 Nf5 76. Rh5 Ke5 77. Kc4 Ke6 78. Rh3 Kd6 79. Rh7 Ke5 80. Rh5 Ke6 
81. Rh8 Ke5 82. Re8+ Kd6 83. Re4 Ng3 84. Rxf4 Ke6 85. Rg4 Nh5 86. Kd4 Nf6 
87. Rg5 Nd7 88. Ke4 Nf6+ 89. Kf4 Kd6 90. Re5 Nd7 91. Ra5 1-0

[Event "Monday Night Swiss 13Rd 5m+1s Starts at 2240hrs"]
[Site "Infinity Chess"]
[Date "2018.1.29"]
[Round "2"]
[White "star99"]
[Black "BraveDevil"]
[Result "1/2-1/2"]
[ECO "A46"]
[WhiteElo "2429"]
[BlackElo "2453"]
[WhiteEngine "Cryptic AIL V2"]
[BlackEngine "Cryptic AIL V2"]
[EventType "Swiss"]
[WhiteTeam ""]
[BlackTeam ""]
[PlyCount "122"]
[TimeControl "300+1"]

1. d4 Nf6 2. Nf3 e6 3. c4 b6 4. Nc3 Bb4 5. e3 Bb7 6. Bd3 O-O 7. O-O Bxc3 
8. bxc3 d6 9. Nd2 e5 10. e4 Nc6 11. d5 Ne7 12. Re1 Bc8 13. Rb1 Nd7 14. Ba3 Nc5 
15. Bxc5 bxc5 16. g3 Bd7 17. Qe2 Rb8 18. Rxb8 Qxb8 19. Rb1 Qa8 20. Nf1 Rb8 
21. Rxb8+ Qxb8 22. Qd2 f6 23. Qc2 a5 24. Ne3 Qd8 25. Qb2 Qa8 26. Qe2 Nc8 
27. Qb2 Nb6 28. Be2 g6 29. Qa3 Kf7 30. h4 Kg7 31. Bd3 Kf8 32. Kf1 Ke7 33. Kg1 h5 
34. Be2 Kd8 35. Kg2 Kc8 36. Qc1 Kb7 37. Bd3 Qf8 38. Qb1 Qh6 39. Bc2 Bc8 
40. Qh1 Ka7 41. Qd1 g5 42. Qf3 Ba6 43. Bd3 Bc8 44. Bc2 gxh4 45. gxh4 Bd7 
46. Bd1 Qg6+ 47. Kh2 Kb7 48. Nf5 Bxf5 49. Qxf5 Qh6 50. Bxh5 Nxc4 51. Kg2 Nb6 
52. Qg6 Qd2 53. Bf3 Qxc3 54. h5 c4 55. h6 Qd2 56. h7 c3 57. Qe8 Qg5+ 
58. Kf1 Qc1+ 59. Kg2 Qg5+ 60. Kf1 Qc1+ 61. Kg2 Qg5+ 1/2-1/2

[Event "Monday Night Swiss 13Rd 5m+1s Starts at 2240hrs"]
[Site "Infinity Chess"]
[Date "2018.1.29"]
[Round "2"]
[White "Coco69"]
[Black "SkyPilot"]
[Result "1/2-1/2"]
[ECO "B90"]
[WhiteElo "2485"]
[BlackElo "2472"]
[WhiteEngine "Raubfisch X37b4_CTG"]
[BlackEngine "stockfish_x64_bmi2_2018_01_23_CTG"]
[EventType "Swiss"]
[WhiteTeam ""]
[BlackTeam ""]
[PlyCount "85"]
[TimeControl "300+1"]

1. e4 c5 2. Nf3 d6 3. d4 cxd4 4. Nxd4 Nf6 5. Nc3 a6 6. Be3 e5 7. Nb3 Be6 
8. f3 h5 9. Be2 Nbd7 10. Nd5 Bxd5 11. exd5 g6 12. Qd2 Bg7 13. O-O b6 14. h3 O-O 
15. a4 Qc7 16. Rab1 Rfe8 17. Rfe1 Kh7 18. c3 Kg8 19. Red1 Reb8 20. c4 Nc5 
21. Nxc5 bxc5 22. Bd3 Qe7 23. Bg5 Rb7 24. Bc2 Rab8 25. b3 Qf8 26. Be3 Nh7 
27. Rf1 f5 28. g3 h4 29. gxh4 Bf6 30. Bh6 Qf7 31. Qf2 Qe7 32. Qg2 Kh8 
33. Kh1 Rg8 34. Bd2 Bxh4 35. b4 cxb4 36. Bxb4 Rd7 37. Bd2 Nf6 38. Rb6 Nh5 
39. Rfb1 Ng3+ 40. Kh2 Nh5 41. Kh1 Ng3+ 42. Kh2 Nh5 43. Kh1 1/2-1/2

[Event "Monday Night Swiss 13Rd 5m+1s Starts at 2240hrs"]
[Site "Infinity Chess"]
[Date "2018.1.29"]
[Round "2"]
[White "Eman"]
[Black "ocirema"]
[Result "1/2-1/2"]
[ECO "B23"]
[WhiteElo "2505"]
[BlackElo "2506"]
[WhiteEngine "Eman 1.68c 64-bit POPCNT"]
[BlackEngine "stockfish_18012814_x64_modern_CTG"]
[EventType "Swiss"]
[WhiteTeam ""]
[BlackTeam ""]
[PlyCount "102"]
[TimeControl "300+1"]

1. e4 c5 2. Nc3 d6 3. Nge2 Nf6 4. d4 cxd4 5. Nxd4 a6 6. Be2 e5 7. Nb3 Be7 
8. O-O Be6 9. Qd3 O-O 10. Be3 Nc6 11. a3 Rc8 12. Nd5 Nd7 13. g3 Bg5 
14. Bxg5 Qxg5 15. Rad1 b5 16. Rc1 Kh8 17. Qe3 Qxe3 18. fxe3 Bxd5 19. exd5 Ne7 
20. c4 bxc4 21. Bxc4 Nf6 22. Bxa6 Rb8 23. Na5 Rxb2 24. Nc4 Ra2 25. Ra1 Rxa1 
26. Rxa1 Ne4 27. Bb7 Rb8 28. Bc6 Rb3 29. a4 Rc3 30. Bb5 Nxd5 31. a5 Nc7 
32. Na3 Nc5 33. Bf1 g6 34. Nb5 Nxb5 35. Bxb5 Rxe3 36. a6 Nxa6 37. Rxa6 d5 
38. Rf6 Kg7 39. Ra6 d4 40. Ra7 d3 41. Kf1 e4 42. Bc4 Re2 43. Rxf7+ Kh6 
44. Bd5 e3 45. Bc4 Rd2 46. Bxd3 Rxd3 47. Re7 Rd2 48. h3 Rh2 49. h4 e2+ 
50. Rxe2 Rxe2 51. Kxe2 g5 1/2-1/2

[Event "Monday Night Swiss 13Rd 5m+1s Starts at 2240hrs"]
[Site "Infinity Chess"]
[Date "2018.1.29"]
[Round "2"]
[White "koalachess"]
[Black "KULLANI"]
[Result "1/2-1/2"]
[ECO "C53"]
[WhiteElo "2306"]
[BlackElo "2490"]
[WhiteEngine "asmFishW_2017-11-19_popcnt_CTG"]
[BlackEngine "BrainFish_180124_x64_CTG"]
[EventType "Swiss"]
[WhiteTeam ""]
[BlackTeam ""]
[PlyCount "193"]
[TimeControl "300+1"]

1. e4 e5 2. Nf3 Nc6 3. Bc4 Bc5 4. c3 Nf6 5. d4 exd4 6. cxd4 Bb4+ 7. Bd2 Bxd2+ 
8. Nbxd2 d5 9. exd5 Nxd5 10. O-O O-O 11. Rc1 Re8 12. Re1 Rxe1+ 13. Qxe1 Nce7 
14. Ne4 c6 15. g3 Bf5 16. a3 Qb6 17. Qe2 Rd8 18. Re1 Bxe4 19. Qxe4 g6 
20. Re2 Kg7 21. Ng5 Ng8 22. h4 Ngf6 23. Qd3 Qc7 24. Nf3 Rd7 25. Ne5 Re7 
26. Bb3 Qd6 27. Nc4 Qd8 28. Ne5 h5 29. Qd2 Qb6 30. Ba2 Qd8 31. Bc4 Ng8 
32. b4 Qd6 33. Qb2 Nh6 34. Bd3 a6 35. Kg2 Ng8 36. Nc4 Qd7 37. Ne5 Qd8 
38. Kg1 Qe8 39. Kf1 Ngf6 40. Bc4 Qd8 41. Qb3 Qb8 42. Qd3 Qd6 43. Qd2 Ng8 
44. Qg5 Nh6 45. Bd3 Qf6 46. f3 Ng8 47. Kg2 Re8 48. Bc4 Qd8 49. Re4 Nge7 
50. Bxd5 Nxd5 51. Nc4 Qxg5 52. hxg5 Rd8 53. Na5 Rd7 54. Re8 Nc3 55. Rb8 Rxd4 
56. Nxb7 Rd5 57. Ra8 Rxg5 58. Rxa6 Rd5 59. Rxc6 Rd2+ 60. Kf1 Ne2 61. Kf2 Ra2 
62. Rc7 Nc3+ 63. Kf1 Ne2 64. Kf2 Nc3+ 65. Kf1 Nb5 66. Rd7 Rxa3 67. Kg2 Ra2+ 
68. Kh3 Ra3 69. f4 Ra7 70. g4 hxg4+ 71. Kxg4 Kf6 72. Kf3 Ra3+ 73. Ke2 Nc3+ 
74. Kf3 Nd5+ 75. Ke4 Nc3+ 76. Kd3 Na2+ 77. Kc4 Rc3+ 78. Kb5 Rb3 79. Ka4 Rxb4+ 
80. Ka3 Rxf4 81. Kxa2 g5 82. Rd8 Rf5 83. Rd4 Kg6 84. Rd8 Kg7 85. Ka3 g4 
86. Kb4 Rf1 87. Kc3 f5 88. Rd7+ Kf6 89. Rd8 g3 90. Rg8 Rg1 91. Nc5 g2 92. Nd3 f4 
93. Kd2 f3 94. Ne1 f2 95. Rf8+ Ke5 96. Rxf2 Rxe1 97. Rxg2 1/2-1/2

[Event "Monday Night Swiss 13Rd 5m+1s Starts at 2240hrs"]
[Site "Infinity Chess"]
[Date "2018.1.29"]
[Round "2"]
[White "MarioDeMonti"]
[Black "HULK"]
[Result "1/2-1/2"]
[ECO "C50"]
[WhiteElo "2501"]
[BlackElo "2518"]
[WhiteEngine "stockfish_x64_bmi2_2018_01_23_CTG"]
[BlackEngine "BrainFish_180124_x64_bmi2_CTG"]
[EventType "Swiss"]
[WhiteTeam ""]
[BlackTeam ""]
[PlyCount "122"]
[TimeControl "300+1"]

1. e4 e5 2. Nf3 Nc6 3. Bc4 Bc5 4. O-O Nf6 5. d3 d6 6. c3 a5 7. Re1 O-O 
8. Nbd2 Be6 9. Bb5 Ne7 10. d4 Ba7 11. Nf1 exd4 12. Nxd4 Ng6 13. Ba4 c6 
14. Bc2 Bg4 15. f3 Bd7 16. Be3 d5 17. Ng3 Re8 18. Qd2 Ne5 19. b3 dxe4 
20. Bxe4 h5 21. Bg5 Nxe4 22. Nxe4 f6 23. Be3 Qc7 24. Nc2 b6 25. Qd6 Bb8 
26. Rad1 Bf5 27. Qxc7 Bxc7 28. Bf2 Rad8 29. Nd4 Bxe4 30. Rxe4 c5 31. Rde1 Kf7 
32. Nb5 Bb8 33. c4 Rd2 34. Nc3 Rc2 35. R4e3 Rd8 36. R1e2 Rxe2 37. Rxe2 Rd3 
38. Re3 Rd2 39. Re2 Rxe2 40. Nxe2 Nd3 41. Be3 Ke6 42. g3 Be5 43. Bd2 Nb4 
44. Nc1 Kf5 45. Kg2 Bb8 46. Kf2 Bd6 47. Bxb4 cxb4 48. Nd3 g5 49. Ke2 Be5 
50. Nxe5 Kxe5 51. Ke3 g4 52. f4+ Ke6 53. Ke4 f5+ 54. Kd3 Kd7 55. Ke3 Kc7 
56. Kd3 Kc6 57. Kd4 Kd6 58. Ke3 Kc7 59. Kd3 Kc6 60. Ke3 Kc5 61. Kd3 Kc6 1/2-1/2

[Event "Monday Night Swiss 13Rd 5m+1s Starts at 2240hrs"]
[Site "Infinity Chess"]
[Date "2018.1.29"]
[Round "1"]
[White "star99"]
[Black "Coco69"]
[Result "1/2-1/2"]
[ECO "C50"]
[WhiteElo "2427"]
[BlackElo "2487"]
[WhiteEngine "Cryptic AIL V2"]
[BlackEngine "Raubfisch X37b4_CTG"]
[EventType "Swiss"]
[WhiteTeam ""]
[BlackTeam ""]
[PlyCount "68"]
[TimeControl "300+1"]

1. e4 e5 2. Nf3 Nc6 3. Bc4 Bc5 4. d3 Nf6 5. O-O d6 6. c3 a5 7. a4 O-O 8. Re1 h6 
9. h3 Be6 10. Bxe6 fxe6 11. Be3 Bxe3 12. Rxe3 Rf7 13. Nbd2 Qd7 14. Qb3 Raf8 
15. Qxb7 Rb8 16. Qa6 Rb6 17. Qc4 Rxb2 18. d4 d5 19. Qf1 dxe4 20. Nxe4 exd4 
21. cxd4 Nxe4 22. Rxe4 Qd5 23. Qe1 Rxf3 24. gxf3 Nxd4 25. Rxd4 Qxd4 
26. Qxe6+ Kh7 27. Qf5+ Kg8 28. Qc8+ Kf7 29. Qxc7+ Kg8 30. Qc8+ Kh7 31. Qf5+ Kh8 
32. Qc8+ Kh7 33. Qf5+ Kh8 34. Qc8+ Kh7 1/2-1/2